 Dungeon Crawl Stone Soup version 0.28-a0-1143-gcf6077d4cc (webtiles) character file.

Game seed: 15986384433842685698

108 lonewolfV2 the Covered (level 4, -1/41 HPs)
             Began as a Minotaur Fighter on Dec 13, 2021.
             Was an Initiate of Dithmenos.
             Slain by an orc (3 damage)
             ... on level 4 of the Dungeon.
             The game lasted 00:04:25 (2073 turns).

lonewolfV2 the Covered (Minotaur Fighter)           Turns: 2073, Time: 00:04:26

Health: -1/41      AC:  7    Str: 21    XL:     4   Next: 58%
Magic:  3/3        EV:  9    Int:  5    God:    Dithmenos [......]
Gold:   111        SH:  4    Dex: 11    Spells: 3/3 levels left

rFire   . . .      SeeInvis .   g - +0 falchion (holy)
rCold   . . .      Faith    .   c - +0 buckler
rNeg    . . .      Spirit   .   b - +0 scale mail
rPois   .          Reflect  .   (helmet restricted)
rElec   .          Harm     .   (no cloak)
rCorr   .          Rampage  .   (no gloves)
Will    .....                   (no boots)
Stlth   ..........              (no amulet)
HPRegen 0.13/turn               (no ring)
MPRegen 0.08/turn               (no ring)

@: no status effects
A: horns 2, retaliatory headbutt
a: Renounce Religion


You were on level 4 of the Dungeon.
You worshipped Dithmenos.
Dithmenos was noncommittal.
You visited 1 branch of the dungeon, and saw 3 of its levels.

You collected 111 gold pieces.

Inventory:

Hand Weapons
 a - a +0 war axe
 g - a +0 falchion of holy wrath (weapon)
Armour
 b - a +0 scale mail (worn)
 c - a +0 buckler (worn)
Scrolls
 e - 4 scrolls of identify {unknown}
 f - 2 scrolls of teleportation {unknown}
 l - a scroll of blinking {unknown}
 m - a scroll of noise {unknown}
 n - a scroll of enchant weapon {unknown}
Potions
 d - a potion of might
 h - a potion of berserk rage {unknown}
 i - a potion of curing {unknown}
 j - a potion of ambrosia {unknown}
 k - a potion of degeneration {unknown}


   Skills:
 + Level 4.6 Fighting
 + Level 1.3 Long Blades
 + Level 3.1 Axes
 + Level 4.7 Armour
 + Level 0.2 Dodging
 + Level 4.1 Shields


You had 3 spell levels left.
You didn't know any spells.
Your spell library contained the following spells:

 Spells                   Type           Power      Damage    Failure   Level
 Dazzling Flash           Conj/Hex       0%         N/A       99%         3
 Ignite Poison            Fire/Tmut/Pois 0%         N/A       99%         3
 Mephitic Cloud           Conj/Pois/Air  0%         N/A       99%         3
 Iskenderun's Mystic Bla  Conj/Tloc      0%         2d3       100%        4
 Freezing Cloud           Conj/Ice/Air   0%         6-21      100%        5
 Starburst                Conj/Fire      0%         6d3       100%        6


Dungeon Overview and Level Annotations

Branches:
Dungeon (2/15)

Altars:
Dithmenos
Beogh

Portals:
Sewer: D:4

Annotations:
D:4 ThrustWizard's ghost, amateur DsBe


Innate Abilities, Weirdness & Mutations

You have a pair of horns on your head.
You reflexively headbutt those who attack you in melee.


Message History

There is a stone staircase leading down here.
An endoplasm comes into view.
The endoplasm quivers.
An endoplasm is nearby!
The endoplasm barely misses you. You furiously retaliate!
You headbutt the endoplasm. You hit the endoplasm.
You kill the endoplasm!
Dithmenos accepts your kill.
Found a runed translucent gate.
The orc shouts!
The orc priest shouts!
The orc shouts!
You hear a shout! x4
The orc shouts! x2
The orc shouts!
The orc shouts!
The orc shouts!
Found a glowing scarf and a scroll labelled KALE AHEAKHLAITH.
Found a roughly hewn altar of Beogh.
You open the gate. The orc closely misses you.
You hit the orc but do no damage. Your headbutt misses the orc.
The orc hits you but does no damage. The orc hits you with a +9 lajatang!
The orc closely misses you. The orc hits you but does no damage.
Found a scroll labelled ELLEUD ZYUG.
You block the orc's attack.
The orc priest invokes the aid of Beogh against you.
Beogh smites you!
You closely miss the orc. The orc hits you with a +3 dagger.
The orc hits you from afar with a +0 trident!
* * * LOW HITPOINT WARNING * * *
The orc hits you with a +0 dagger.
* * * LOW HITPOINT WARNING * * *
The orc barely misses you.
You hit the orc.
You kill the orc!
Dithmenos accepts your kill. The orc hits you with a +9 lajatang.
* * * LOW HITPOINT WARNING * * *
The orc hits you from afar with a +0 trident.
* * * LOW HITPOINT WARNING * * *
The orc priest hits you but does no damage.
The orc hits you with a +3 dagger.
You die...

###########
#.........########
#.........oo.....#
#.8.......o@....8#
#.######o'o####### #
#.#..ooo.o......#
.#####.#...o#####....#
.......#.###..oW.###.#
##.#.###.#8#..8..#8#.#
#.#.# #............ #
#.#.# ...[_ ??8 #.#.#


You could see 2 orc priests and 9 orcs.

Vanquished Creatures
  A hound (D:4)
  A bullfrog skeleton (D:4)
  An ufetubus (D:4)
  3 dart slugs
  An orc (D:4)
  3 endoplasms
  A giant cockroach (D:1)
  8 hobgoblins
  A ball python (D:1)
  5 bats
  2 frilled lizards
  2 goblins
  7 kobolds
  6 rats
42 creatures vanquished.

Vanquished Creatures (others)
  5 demonic plants (D:2)
  3 fungi (D:2)
  3 plants (D:2)
  2 withered plants
13 creatures vanquished.

Grand Total: 55 creatures vanquished

Notes
Turn   | Place    | Note
-------+----------+-------------------------------------------
     0 | D:1      | lonewolfV2 the Minotaur Fighter began the quest for the
                  | Orb.
     0 | D:1      | Reached XP level 1. HP: 19/19 MP: 0/0
   251 | D:1      | Reached XP level 2. HP: 27/27 MP: 1/1
  1036 | D:2      | Reached XP level 3. HP: 31/33 MP: 2/2
  1136 | D:2      | Found a shadowy altar of Dithmenos.
  1157 | D:2      | Became a worshipper of Dithmenos the Shadowed
  1490 | D:2      | Found a faded altar of an unknown god.
  1725 | D:2      | You fall into a shaft and drop 2 floors!
  1745 | D:4      | Reached skill level 1 in Long Blades
  1761 | D:4      | Reached XP level 4. HP: 31/41 MP: 3/3
  1836 | D:4      | Found a glowing drain.
  2057 | D:4      | Found a runed translucent gate.
  2059 | D:4      | Found a runed translucent gate.
  2060 | D:4      | Found a runed translucent gate.
  2061 | D:4      | Noticed ThrustWizard's ghost (amateur DsBe)
  2073 | D:4      | HP: 2/41 [orc (5)]
  2073 | D:4      | Slain by an orc

Illustrated notes

Levels and vault maps discovered:
D:1:      erik_arrival_cave_to_civilisation [erik_arrival_cave_to_temple],
          layout_basic, chequers_serial_rivers_large_b,
          hangedman_decor_opposing, minmay_pentomino_w2
D:2:      layout_basic, shapermc_ecumenical_altar_gd, basic_altar,
          minmay_fractal_squares_gapless_5
D:4:      layout_loops_ring, yredelemnul_altar_generic, gup_sewer_entry_glass,
          biasface_ghost_orc_armoury

Skill      XL: |  1  2  3 |
---------------+----------+-----
Shields        | 4 |  4.1
Fighting       | 4 |  4.6
Armour         | 4 |  4.7
Axes           | 3 |  3.1
Long Blades    | 1 |  1.3
Dodging        | |  0.2

Action                   |  1- 3 |  4- 6 || total
-------------------------+-------+-------++-------
Melee: War axe           |    15 |       ||    15
       Headbutt          |     8 |     4 ||    12
       Falchion          |    30 |    18 ||    48
Armor: Scale mail        |    35 |    11 ||    46
Dodge: Dodged            |    34 |    11 ||    45
Block: Buckler           |    14 |     2 ||    16

Table legend: (Time is in decaauts)
 A = Elapsed time spent in this place.
 B = Non-inter-level travel time spent in this place.
 C = Inter-level travel time spent in this place.
 D = Time resting spent in this place.
 E = Time spent auto-exploring this place.
 F = Levels seen in this place.
 G = Mean time per level.
                   A        B        C        D        E       F      G
               +--------+--------+--------+--------+--------+-----+--------+
         Total |   2139 |   2139 |      0 |      0 |   1678 |   3 |  713.0 |
       Dungeon |   2139 |   2139 |      0 |      0 |   1678 |   3 |  713.0 |
               +--------+--------+--------+--------+--------+-----+--------+

Top non-repeatable levels by time:
     D:1: 1026 daAuts
     D:2: 760 daAuts
     D:4: 352 daAuts
